 Dungeon Crawl Stone Soup version 0.19.5 (webtiles) character file.

102 Azzok the Skirmisher (level 4, -2/45 HPs)
             Began as a Minotaur Fighter on July 4, 2017.
             Slain by Grinder (6 damage)
             ... on level 3 of the Dungeon.
             The game lasted 00:03:39 (1673 turns).

Azzok the Skirmisher (Minotaur Fighter)             Turns: 1673, Time: 00:03:40

Health: -2/45      AC:  6    Str: 21    XL:     4   Next: 49%
Magic:  3/3        EV:  7    Int:  5    God:
Gold:   160        SH:  9    Dex: 10    Spells: 0 memorised, 3 levels left

rFire  . . .     SeeInvis .     e - +2 short sword (drain)
rCold  . . .     Gourm    .     b - +0 scale mail
rNeg   . . .     Faith    .     c - +0 shield
rPois  .         Spirit   .     (helmet restricted)
rElec  .         Reflect  .     (no cloak)
rCorr  .         Harm     .     (no gloves)
MR     .....                    (no boots)
Stlth  ..........               (no amulet)
                                (no ring)
                                (no ring)

@: no status effects
A: retaliatory headbutt, horns 2
a: no special abilities


You were on level 3 of the Dungeon.
You were hungry.

You visited 1 branch of the dungeon, and saw 3 of its levels.

You collected 160 gold pieces.

Inventory:

Hand Weapons
 a - a +0 long sword
 e - a +2 short sword of draining (weapon)
Armour
 b - a +0 scale mail (worn)
 c - a +0 shield (worn)
Scrolls
 h - 2 scrolls of identify {unknown}
 j - 2 scrolls of random uselessness {unknown}
 l - a scroll of enchant weapon {unknown}
 o - a scroll of magic mapping {unknown}
 p - a scroll of remove curse {unknown}
 q - a scroll of noise {unknown}
 s - a scroll of fog {unknown}
 t - a scroll of enchant armour {unknown}
Potions
 d - a potion of might
 g - 2 potions of brilliance {unknown}
 k - a potion of agility {unknown}
 r - a potion of ambrosia {unknown}
 u - a potion of lignification {unknown}
Comestibles
 f - a bread ration {@e1}
 i - 10 chunks of flesh {@w0}
 m - a meat ration {@e2}
 n - a beef jerky


   Skills:
 + Level 6.4 Fighting
 - Level 2.4 Long Blades
 - Level 3.6 Armour
 - Level 3.6 Shields


You had 3 spell levels left.
You didn't know any spells.

Dungeon Overview and Level Annotations

Branches:
Dungeon (3/15)

Altars:

Annotations:
D:3 Grinder


Innate Abilities, Weirdness & Mutations

You reflexively headbutt those who attack you in melee.
You have a pair of horns on your head.


Message History

You block Grinder's attack.
Your shield prevents you from hitting Grinder.
Your headbutt misses Grinder.
Grinder is severely wounded.
Grinder hits you.
You writhe in agony.
* * * LOW HITPOINT WARNING * * *
You take 4 damage, and have 12/45 hp.
Your shield and scale mail prevent you from hitting Grinder.
Grinder is severely wounded.
Grinder gestures at you. Pain shoots through your body!
* * * LOW HITPOINT WARNING * * *
You take 4 damage, and have 8/45 hp.
You are feeling hungry.
You hit Grinder. Your headbutt misses Grinder.
Grinder is severely wounded.
Grinder hits you.
* * * LOW HITPOINT WARNING * * *
You writhe in agony.
You die...

▒▒▒▒▒▒▒▒▒ ▒·······▒
▒·······▒ ·······▒▒▒▒▒
·········· ╬ ▒▒%··▒··▒
····· ▒· ▒··5····▒ ▒
····▒ ·▒ ▒·▒▒··▒@▒··▒?▒
····▒▒·▒▒▒··········▒·▒
····▒▒·· ·············▒
····▒▒·▒▒▒▒·······[·▒·▒
··············▒▒·▒··▒ ▒
····▒▒·▒▒·····)·····▒
·················▒▒·▒
·····)·▒····▒·······▒
·······▒▒·········▒▒▒


You could see Grinder.

Vanquished Creatures
  Robin (D:3)
  3 adders (D:2)
  An ooze (D:3)
  2 worms (D:2)
  A dart slug (D:1)
  3 giant cockroaches
  11 goblins
  9 hobgoblins
  6 jackals
  A quokka (D:3)
  3 bats
  2 frilled lizards
  A kobold (D:1)
  4 rats
48 creatures vanquished.

Notes
Turn   | Place    | Note
-------+----------+-------------------------------------------
     0 | D:1      | Azzok the Minotaur Fighter began the quest for the Orb.
     0 | D:1      | Reached XP level 1. HP: 19/19 MP: 0/0
   263 | D:1      | Reached skill level 4 in Fighting
   398 | D:1      | Reached XP level 2. HP: 28/28 MP: 1/1
   783 | D:2      | Reached skill level 5 in Fighting
   830 | D:2      | Reached XP level 3. HP: 33/36 MP: 2/2
  1229 | D:2      | Reached XP level 4. HP: 44/44 MP: 3/3
  1428 | D:3      | Noticed Robin
  1445 | D:3      | Reached skill level 6 in Fighting
  1464 | D:3      | Killed Robin
  1660 | D:3      | Noticed Grinder
  1673 | D:3      | Slain by Grinder

Skill      XL: |  1  2  3  4 |
---------------+-------------+-----
Fighting       | 4 5 6 |  6.4
Long Blades    | |  2.4
Armour         | |  3.6
Shields        | |  3.6

Action                   |  1- 3 |  4- 6 || total
-------------------------+-------+-------++-------
Melee: Short sword       |    73 |    40 ||   113
       Long sword        |     2 |       ||     2
       Headbutt          |     7 |     7 ||    14
  Eat: Chunk             |     1 |     1 ||     2
Armor: Scale mail        |    40 |    12 ||    52
Dodge: Dodged            |    25 |     8 ||    33
Block: Shield            |    40 |    17 ||    57
